 Dungeon Crawl Stone Soup version 0.31-a0-1068-g5939ac1fb6 (webtiles) character file.

Game seed: 1601386460079348959

113 Gladio the Ruffian (level 4, 0/55 HPs)
             Began as a Demonspawn Berserker on Nov 23, 2023.
             Was a Follower of Trog.
             Slain by an orc warrior
             ... wielding a +0 hand axe
              (12 damage)
             ... on level 3 of the Dungeon.
             The game lasted 00:03:27 (1676 turns).

Gladio the Ruffian (Demonspawn Berserker)           Turns: 1676, Time: 00:03:28

Health: 0/55       AC:  3    Str: 20    XL:     4   Next: 65%
Magic:  4/4        EV: 12    Int:  8    God:    Trog [*.....]
Gold:   77         SH:  8    Dex: 12    Spells: 3/3 levels left

rFire   + .          .
                       - Unarmed
rCold   . . .        (no shield)
rNeg    . . .        f - +0 robe of Liberty {-Cast +Blink rCorr Slay+2}
rPois   .            (no helmet)
rElec   +            (no cloak)
rCorr   +            (no gloves)
SInv    .            k - +0 pair of boots
Will    .....        (no amulet) Stlth
                     g - ring of Ynynkil {rElec rF+}
HPRegen 0.29/turn    (no ring)
MPRegen 0.09/turn

%: no spellcasting
@: berserking, very quick
A: large bone plates 1, condensation shield
a: Renounce Religion, Evoke Blink, Berserk


You were on level 3 of the Dungeon.
You worshipped Trog.
Trog was aware of your devotion.
You visited 1 branch of the dungeon, and saw 3 of its levels.

You collected 77 gold pieces.

Inventory:

Missiles
 b - 2 javelins (quivered)
Armour
 a - a +0 animal skin
 f - the +0 robe of Liberty (worn) {-Cast +Blink rCorr Slay+2}
   (You found it on level 2 of the Dungeon)

   Slay+2:    It affects your accuracy & damage with ranged weapons and melee
   (+2).
   +Blink:    It lets you blink.
   -Cast:     It prevents spellcasting.
   rCorr:     It protects you from acid and corrosion.
 k - a +0 pair of boots (worn)
Jewellery
 g - the ring of Ynynkil (left hand) {rElec rF+}
   (You found it on level 2 of the Dungeon)

   [ring of protection from fire]

   rF+:       It protects you from fire.
   rElec:     It insulates you from electricity.
Scrolls
 d - a scroll of amnesia {unknown}
 e - 3 scrolls of identify {unknown}
 h - a scroll of enchant armour {unknown}
 i - 2 scrolls of immolation {unknown}
Potions
 c - 2 potions of attraction {unknown}
 j - a potion of curing {unknown}


   Skills:
 + Level 3.7 Fighting
 - Level 1.7 Armour
 - Level 1.7 Dodging
 * Level 4.0 Unarmed Combat
 + Level 1.5 Shapeshifting


You had 3 spell levels left.
You didn't know any spells.
Your spell library was empty.

Dungeon Overview and Level Annotations

Branches:
Dungeon (3/15)

Altars:

Shops:
D:2 =

Annotations:
D:2 Sigmund


Innate Abilities, Weirdness & Mutations

You are partially covered in large bone plates. (SH +4)
A meltable shield of frost defends you. (SH +4)


Message History

The orc is lightly wounded.
You punch the orc!
You kill the orc!
Trog accepts your kill. The rat closely misses you.
You hit the rat.
You kill the rat!
Trog accepts your kill.
You closely miss the orc warrior.
The orc warrior hits you with a +0 hand axe!
You are too injured to fight recklessly!
You are too injured to fight recklessly!
Unknown command.
Unknown command.
The orc warrior attacks as it pursues you!
The orc warrior hits you with a +0 hand axe.
A red film seems to cover your vision as you go berserk!
You feel yourself moving faster!
You feel mighty! You block the orc warrior's attack.
You hit the orc warrior.
The orc warrior is lightly wounded.
The orc warrior closely misses you.
You punch the orc warrior!
The orc warrior is heavily wounded.
You closely miss the orc warrior. Your punch misses the orc warrior.
The orc warrior is heavily wounded.
You block the orc warrior's attack.
You closely miss the orc warrior.
The orc warrior is heavily wounded.
The orc warrior hits you with a +0 hand axe!
* * * LOW HITPOINT WARNING * * *
You hit the orc warrior.
The orc warrior is heavily wounded.
You barely miss the orc warrior.
The orc warrior is heavily wounded.
The orc warrior barely misses you.
You punch the orc warrior! Your punch misses the orc warrior.
The orc warrior is almost dead.
The orc warrior hits you with a +0 hand axe!
You die...

##########
#.........
#<########
#.# #.# #@#
#.#####o#
#....).o#
#......)#
#.....†.#
##........
#.....###..
#.....# ...
#.....# ..


You could see an orc warrior and an orc.

Vanquished Creatures
  Natasha (thrice) (D:2)
  A dart slug (D:1)
  2 orcs (D:3)
  2 ball pythons
  A bat (D:1)
  2 endoplasms (D:2)
  3 giant cockroaches (D:1)
  5 goblins
  3 hobgoblins
  2 jackals (D:1)
  4 quokkas
  2 frilled lizards
  2 rats
32 creatures vanquished.

Notes
Turn   | Place    | Note
-------+----------+-------------------------------------------
     0 | D:1      | Gladio the Demonspawn Berserker began the quest for the
                  | Orb.
     0 | D:1      | Reached XP level 1. HP: 18/18 MP: 1/1
   176 | D:1      | Reached skill level 3 in Unarmed Combat
   195 | D:1      | Gained mutation: You are partially covered in large bone
                  | plates. (SH +4) [demonic ancestry]
   195 | D:1      | Reached XP level 2. HP: 24/24 MP: 2/2
   531 | D:2      | Found Aptiw's Jewellery Shoppe.
   546 | D:2      | Identified the +0 robe of Liberty {-Cast +Blink rCorr
                  | Slay+2}
   557 | D:2      | Identified the ring of Ynynkil {rElec rF+}
   634 | D:2      | Noticed Sigmund
   828 | D:2      | Gained mutation: A meltable shield of frost defends you.
                  | (SH +4) [demonic ancestry]
   828 | D:2      | Reached XP level 3. HP: 29/29 MP: 3/3
   933 | D:2      | Noticed Natasha
   940 | D:2      | Killed Natasha
   941 | D:2      | Reached skill level 1 in Shapeshifting
  1000 | D:2      | Noticed Natasha
  1011 | D:2      | Killed Natasha
  1012 | D:2      | Reached XP level 4. HP: 18/36 MP: 4/4
  1238 | D:2      | Noticed Natasha
  1245 | D:2      | Killed Natasha
  1655 | D:3      | Noticed an orc warrior
  1657 | D:3      | Reached skill level 4 in Unarmed Combat
  1676 | D:3      | Slain by an orc warrior

Illustrated notes

Levels and vault maps discovered:
D:1:      psy_arrival_basics, layout_rooms
D:2:      layout_basic, serial_shops, shop, uniq_natasha, uniq_sigmund
D:3:      layout_basic

Skill      XL: |  1  2  3  4 |
---------------+-------------+-----
Unarmed Combat | 3 4 |  4.0
Shapeshifting  | 1 |  1.5
Fighting       | |  3.7
Armour         | |  1.7
Dodging        | |  1.7

Action                     |  1- 3 |  4- 6 || total
---------------------------+-------+-------++-------
  Melee: Unarmed           |    71 |    29 ||   100
         Punch             |     1 |       ||     1
 Invoke: Berserk           |     2 |     2 ||     4
   Stab: Sleeping          |     1 |       ||     1
 Armour: Animal skin       |    25 |       ||    25
         Robe              |     7 |    15 ||    22
  Dodge: Dodged            |    43 |    13 ||    56
  Block: Other             |     9 |     5 ||    14

Table legend: (Time is in decaauts)
 A = Elapsed time spent in this place.
 B = Non-inter-level travel time spent in this place.
 C = Inter-level travel time spent in this place.
 D = Time resting spent in this place.
 E = Time spent auto-exploring this place.
 F = Levels seen in this place.
 G = Mean time per level.
                   A        B        C        D        E       F      G
               +--------+--------+--------+--------+--------+-----+--------+
         Total |   1703 |   1613 |     90 |    105 |   1238 |   3 |  567.7 |
       Dungeon |   1703 |   1613 |     90 |    105 |   1238 |   3 |  567.7 |
               +--------+--------+--------+--------+--------+-----+--------+

Top non-repeatable levels by time:
     D:2: 1183 daAuts
     D:1: 487 daAuts
     D:3: 32 daAuts
